 Dungeon Crawl Stone Soup version 0.22-a0-322-g60b3cfd (webtiles) character file.

1887 Goblin1989 the Chiller (level 8, 0/52 HPs)
             Began as a Demonspawn Ice Elementalist on Apr 6, 2018.
             Was a Follower of Vehumet.
             Slain by a bullfrog (9 damage)
             ... on level 8 of the Dungeon.
             The game lasted 00:27:56 (10513 turns).

Goblin1989 the Chiller (DsIE)                      Turns: 10513, Time: 00:27:57

Health: 0/52       AC:  5    Str: 10    XL:     8   Next: 92%
Magic:  14/15      EV: 12    Int: 18    God:    Vehumet [*.....]
Gold:   192        SH:  0    Dex: 17    Spells: 2/17 levels left

rFire    . . .     SeeInvis .   b - +2 dagger (venom)
rCold    + . .     Gourm    .   (no shield)
rNeg     . . .     Faith    .   S - +2 robe {MR+}
rPois    .         Spirit   .   (helmet restricted)
rElec    .         Reflect  .   Q - scarf {repulsion}
rCorr    .         Harm     +   (no gloves)
MR       +....                  B - +0 pair of boots
Stlth    +++.......             m - amulet of harm
HPRegen  0.17/turn              c - ring of protection from cold
MPRegen  0.14/turn              (no ring)

@: about to teleport, drained, repel missiles
A: antennae 1, thin skeletal structure 2, powered by death 1, powered by pain 1
a: Renounce Religion


You were on level 8 of the Dungeon.
You worshipped Vehumet.
Vehumet was aware of your devotion.
You were not hungry.

You visited 1 branch of the dungeon, and saw 8 of its levels.

You collected 192 gold pieces.

Inventory:

Hand Weapons
 a - a +2 short sword of speed
 b - a +2 dagger of venom (weapon)
 w - a +0 blowgun {@w1}
 R - a +1 scythe of venom
 Z - a +1 short sword of draining
Missiles
 W - 10 tomahawks of dispersal (quivered)
Armour
 r - a +0 shield
 B - a +0 pair of boots (worn)
 Q - a scarf of repulsion (worn)
 S - a +2 robe of magic resistance (worn)
Jewellery
 c - a ring of protection from cold (left hand)
 m - an amulet of harm (around neck)
Wands
 p - a wand of clouds (4)
 A - a wand of random effects (31)
 V - a wand of flame (34)
Scrolls
 j - 5 scrolls of remove curse {unknown}
 l - 10 scrolls of identify {unknown}
 o - 2 scrolls of amnesia {unknown}
 q - 2 scrolls of random uselessness {unknown}
 x - a scroll of immolation {unknown}
 y - a scroll of magic mapping {unknown}
 C - a scroll of enchant armour {unknown}
 H - 2 scrolls of blinking {unknown}
 J - 4 scrolls of enchant weapon {unknown}
 M - a scroll of noise {unknown}
 T - 3 scrolls of teleportation {!r, @r3}
Potions
 g - a potion of brilliance
 t - a potion of resistance {unknown}
 U - a potion of degeneration {unknown}
 X - a potion of heal wounds
 Y - 2 potions of curing {@q1}
Comestibles
 e - 2 rations
 P - 2 chunks of flesh


   Skills:
 - Level 1.7(0.9) Dodging
 - Level 1.7(0.9) Stealth
 + Level 5.1(4.3) Spellcasting
 + Level 7.1(6.2) Conjurations
 - Level 7.1(6.2) Ice Magic
 * Level 1.5(0.7) Air Magic


You had 2 spell levels left.
You knew the following spells:

 Your Spells              Type           Power        Failure   Level  Hunger
a - Throw Frost           Conj/Ice       ####..       1%          2    ##.....
b - Freeze                Ice            ####         1%          1    None
c - Throw Icicle          Conj/Ice       ####....     11%         4    ####...
d - Lightning Bolt        Conj/Air       ###.......   67%         5    ######.
R - Regeneration          Chrm/Necr      #.........   38%         3    ###....


Dungeon Overview and Level Annotations

Branches:
Dungeon (8/15)             Temple (0/1) D:5
   Lair: D:8-11

Altars:
Ashenzari
Cheibriados
Gozag
Makhleb
Ru
Trog
Vehumet
Wu Jian
Zin

Annotations:
D:3 Grinder


Innate Abilities, Weirdness & Mutations

You have a pair of small antennae on your head.
You have a moderately thin skeletal structure. (Dex +4, Stealth+)
You regenerate a little health from kills.
You sometimes gain a little power by taking damage.


Message History

Casting: Throw Frost (safe; 1% risk of failure)
Confirm with . or Enter, or press ? or * to list all spells.
Aiming: Throw Frost (safe; 1% risk of failure)
Press: ? - help, Shift-Dir - straight line, f/p - hound
Aim: a hound The puff of frost hits the hound.
The hound is heavily wounded.
You now have 6/15 mp.
Casting: Throw Frost (safe; 1% risk of failure)
Confirm with . or Enter, or press ? or * to list all spells.
Aiming: Throw Frost (safe; 1% risk of failure)
Press: ? - help, Shift-Dir - straight line, f/p - hound
Aim: a hound (heavily wounded)
The puff of frost misses the hound.
The hound bites you but does no damage.
You now have 4/15 mp.
Casting: Throw Frost (safe; 1% risk of failure)
Confirm with . or Enter, or press ? or * to list all spells.
Aiming: Throw Frost (safe; 1% risk of failure)
Press: ? - help, Shift-Dir - straight line, f/p - hound
Aim: a hound (heavily wounded)
The puff of frost hits the hound.
The hound is almost dead.
The hound bites you.
You take 7 damage, and have 44/52 hp.
You now have 2/15 mp.
Casting: Throw Frost (safe; 1% risk of failure)
Confirm with . or Enter, or press ? or * to list all spells.
Aiming: Throw Frost (safe; 1% risk of failure)
Press: ? - help, Shift-Dir - straight line, f/p - hound
Aim: a hound (almost dead)
The puff of frost hits the hound.
You kill the hound!
Vehumet accepts your kill.
You regained 2 hp, and now have 46/52 hp.
You now have 0/15 mp.
You see here a hound corpse.
You butcher the hound corpse.
P - 4 chunks of flesh (gained 2)
There is a stone staircase leading up here.
You start resting.
HP restored.
Some of the chunks of flesh in your inventory have rotted away.
Magic restored.
Health restored: 52; MP restored: 15
Okay, then.
Things that are here:
a dire flail; a robe A wight comes into view.
It is wielding an enchanted hand axe.
A wight is nearby!
The bullfrog gives a loud, deep croak!
Casting: Throw Frost (safe; 1% risk of failure)
Confirm with . or Enter, or press ? or * to list all spells.
Aiming: Throw Icicle (safe; 8% risk of failure)
Press: ? - help, Shift-Dir - straight line, f - wight
Aim: a wight, wielding an enchanted hand axe and wearing a robe The shard of ice hits the wight.
The wight partially resists.
The wight is moderately damaged.
The wight hits you but does no damage.
You now have 11/15 mp.
Casting: Throw Icicle (safe; 8% risk of failure)
Confirm with . or Enter, or press ? or * to list all spells.
Aiming: Throw Icicle (safe; 8% risk of failure)
Press: ? - help, Shift-Dir - straight line, f/p - wight
Aim: a wight, wielding an enchanted hand axe and wearing a robe (moderately damaged)
The shard of ice hits the wight.
The wight partially resists.
The wight is almost destroyed.
The wight hits you with an enchanted hand axe!
The bullfrog hits you.
You take 13 damage, and have 39/52 hp.
MASSIVE DAMAGE!!
You now have 7/15 mp.
Casting: Throw Icicle (safe; 8% risk of failure)
Confirm with . or Enter, or press ? or * to list all spells.
Aiming: Freeze (safe; 1% risk of failure)
Press: ? - help, Shift-Dir - straight line, f/p - wight
Aim: a wight, wielding an enchanted hand axe and wearing a robe (almost destroyed)
You freeze the wight.
The wight resists.
The wight is almost destroyed.
The bullfrog hits you!
You focus on the pain.
You feel your power returning. The wight closely misses you.
The bullfrog misses you.
You take 8 damage, and have 31/52 hp.
MP restored: 15
Casting: Freeze (safe; 1% risk of failure)
Confirm with . or Enter, or press ? or * to list all spells.
Aiming: Freeze (safe; 1% risk of failure)
Press: ? - help, Shift-Dir - straight line, f/p - wight
Aim: a wight, wielding an enchanted hand axe and wearing a robe (almost destroyed)
You freeze the wight.
The wight completely resists.
The wight is almost destroyed.
The bullfrog hits you.
The wight hits you with an enchanted hand axe!
* * * LOW HITPOINT WARNING * * *
You feel drained.
You take 13 damage, and have 18/52 hp.
MASSIVE DAMAGE!!
You now have 14/15 mp.
As you read the scroll labeled VIBEUM YQOM, it crumbles to dust.
You feel strangely unstable.
It was a scroll of teleportation.
T - 3 scrolls of teleportation;
t - a smoky cyan potion The bullfrog hits you.
* * * LOW HITPOINT WARNING * * *
The wight hits you with an enchanted hand axe.
* * * LOW HITPOINT WARNING * * *
You feel drained. The bullfrog hits you!
You die...

...███.........█..█
.....█............█
.h.██.............█
..███.............█
... .██
█...███.......█ ...
██ ██...█ ████....█
.... ███.....█
██....█ ....█
.........
█.....███...██
.........
█...@F........
....?....
██.?z.........
........
█............
........
█............
........
██...........
........
█...........
...h....
███.........
.h...... ██........
)....... █.███....


You could see a bullfrog and a wight.

Vanquished Creatures
  A hippogriff (D:6)
  Sigmund (D:5)
  A hungry ghost (D:7)
  An ice beast (D:6)
  2 ogres
  2 big kobolds
  A bullfrog (D:7)
  2 wights
  A howler monkey (D:6)
  A centaur zombie (D:6)
  A crimson imp (D:7)
  4 hounds
  2 bullfrog skeletons (D:5)
  7 orc wizards
  Natasha (twice) (D:3)
  3 iguanas
  3 worker ants
  A hound skeleton (D:7)
  A howler monkey zombie (D:6)
  7 adders
  An ooze (D:5)
  2 adder zombies (D:5)
  An adder skeleton (D:2)
  4 worms
  A dart slug (D:2)
  3 leopard geckos
  8 orcs
  6 giant cockroaches
  10 goblins
  9 hobgoblins
  8 jackals
  A quokka (D:4)
  2 ball pythons (D:2)
  8 bats
  5 frilled lizards
  18 kobolds
  A leopard gecko zombie (D:5)
  A quokka skeleton (D:5)
  9 rats
142 creatures vanquished.

Notes
Turn   | Place    | Note
-------+----------+-------------------------------------------
     0 | D:1      | Goblin1989 the Demonspawn Ice Elementalist began the quest for the Orb.
     0 | D:1      | Reached XP level 1. HP: 13/13 MP: 3/3
   367 | D:1      | Gained mutation: You have a somewhat thin skeletal structure. (Dex +2, Stealth) [demonic ancestry]
   367 | D:1      | Reached XP level 2. HP: 19/19 MP: 3/5
   435 | D:1      | Learned a level 2 spell: Throw Frost
  1251 | D:2      | Gained mutation: You have a moderately thin skeletal structure. (Dex +4, Stealth+) [demonic ancestry]
  1251 | D:2      | Reached XP level 3. HP: 24/24 MP: 0/6
  2098 | D:2      | Gained mutation: You sometimes gain a little power by taking damage. [demonic ancestry]
  2098 | D:2      | Reached XP level 4. HP: 30/30 MP: 4/7
  2894 | D:3      | Noticed an ogre
  2992 | D:3      | Learned a level 4 spell: Throw Icicle
  3167 | D:3      | Killed an ogre
  3167 | D:3      | Reached XP level 5. HP: 35/35 MP: 0/9
  3185 | D:3      | Noticed Natasha
  3192 | D:3      | Killed Natasha
  3298 | D:3      | Noticed Natasha
  3302 | D:3      | Killed Natasha
  3665 | D:3      | Noticed Grinder
  3667 | D:3      | HP: 1/35 [orc wizard/dagger of freezing (1)]
  3669 | D:3      | Gained mutation: You have a pair of small antennae on your head. [demonic ancestry]
  3669 | D:3      | Reached XP level 6. HP: 8/41 MP: 1/10
  4053 | D:4      | Oozefury: доброго утра
  4462 | D:4      | Found a burning altar of Makhleb.
  4464 | D:4      | Found an ornate altar of the Wu Jian Council.
  4464 | D:4      | Found an opulent altar of Gozag.
  4466 | D:4      | Found a snail-covered altar of Cheibriados.
  4466 | D:4      | Found a radiant altar of Vehumet.
  4477 | D:4      | Became a worshipper of Vehumet
  4510 | D:4      | Goblin1989: доброго
  4510 | D:4      | Goblin1989: хотя у меня уже скоро обед
  4529 | D:4      | Found a glowing silver altar of Zin.
  4547 | D:4      | Found a shattered altar of Ashenzari.
  4596 | D:4      | Reached skill level 5 in Ice Magic
  4942 | D:4      | Gained mutation: You regenerate a little health from kills. [demonic ancestry]
  4942 | D:4      | Reached XP level 7. HP: 46/46 MP: 7/12
  5086 | D:5      | Entered Level 5 of the Dungeon
  5278 | D:5      | Noticed Sigmund
  5956 | D:5      | Found a staircase to the Ecumenical Temple.
  6088 | D:5      | Found a sacrificial altar of Ru.
  6467 | D:5      | Redear: утро доброе
  6539 | D:5      | Redear: что с октободом?
  6611 | D:5      | Found a bloodstained altar of Trog.
  6614 | D:5      | Reached skill level 5 in Conjurations
  6615 | D:5      | Reached * piety under Vehumet
  6615 | D:5      | Offered knowledge of Sting by Vehumet.
  6768 | D:5      | Killed Sigmund
  6787 | D:5      | Redear: ау
  7121 | D:5      | Goblin1989: умерла тентакля
  7121 | D:5      | Goblin1989: !lg . optm -log
  7121 | D:5      | beem: 41. Goblin1989, XL15 OpTm, T:35477: https://crawl.xtahua.com/crawl/morgue/Goblin1989/morgue-Goblin1989-20180406-020416.txt
  7402 | D:6      | Redear: жаль
  7403 | D:6      | Goblin1989: а мне как-то не очень
  7403 | D:6      | Goblin1989: ну не было у меня стремления выиграть, если чесно
  7403 | D:6      | Goblin1989: у меня когда есть желание выигрывать я орбы таскаю каждую 10-20 игру
  7403 | D:6      | Goblin1989: но это редко, в основном я всякой фигней занимаюсь
  7507 | D:6      | Learned a level 3 spell: Regeneration
  7510 | D:6      | Reached XP level 8. HP: 52/52 MP: 7/14
  7893 | D:6      | Noticed a hippogriff
  7906 | D:6      | HP: 2/78 [hippogriff (3)]
  7907 | D:6      | Killed a hippogriff
  7935 | D:6      | Redear: )
  7936 | D:6      | Goblin1989:
  7906 | D:6      | HP: 2/78 [hippogriff (3)]
  7907 | D:6      | Killed a hippogriff
  8662 | D:6      | HP: 2/52 [ice beast (7)]
  9793 | D:7      | Reached skill level 5 in Spellcasting
  9800 | D:7      | Learned a level 5 spell: Lightning Bolt
 10238 | D:7      | Reached skill level 1 in Air Magic
 10513 | D:8      | Slain by a bullfrog

Vault maps used:
D:1:      evilmike_arrival_hilbert_curve
D:2:      first_ration
D:3:      columned_hall_lemuel, uniq_grinder, uniq_natasha
D:4:      old_standard_altar, grunt_temple_overflow_open, kennysheep_mini,
          kennysheep_potato
D:5:      nicolae_ru_awakened_eye, lemuel_doored_altar,
          minmay_temple_entry_statues_pillars, uniq_sigmund
D:6:      minmay_unpleasant_kobolds
D:7:      minmay_large_rounded_square
D:8:      david_lair_shrubbed

Skill      XL: |  1  2  3  4  5  6  7  8 |
---------------+-------------------------+-----
Ice Magic      | 3 4 5 6 7 |  7.1
Conjurations   | 2 3 4 5 7 |  7.1
Spellcasting   | 3 4 5 |  5.1
Air Magic      | 1 |  1.5
Dodging        | |  1.7
Stealth        | |  1.7

Action                   |  1- 3 |  4- 6 |  7- 9 || total
-------------------------+-------+-------+-------++-------
Melee: Unarmed           |     4 |       |       ||     4
       Short sword       |    30 |     4 |    45 ||    79
       Dagger            |       |    30 |    84 ||   114
 Cast: Freeze            |    15 |       |    16 ||    31
       Throw Frost       |    31 |    88 |   148 ||   267
       Throw Icicle      |       |       |    10 ||    10
       Regeneration      |       |       |     1 ||     1
  Use: Potion            |       |     2 |     8 ||    10
       Scroll            |       |       |     1 ||     1
 Stab: Sleeping          |     2 |       |     1 ||     3
       Invisible         |       |       |     1 ||     1
  Eat: Chunk             |     6 |    13 |     5 ||    24
       Ration            |       |       |    14 ||    14
Armor: Robe              |    12 |     3 |    47 ||    62
       Skin              |       |       |    22 ||    22
Dodge: Dodged            |    29 |    26 |   112 ||   167

Table legend:
 A = Spawn XP
 B = Non-spawn XP
 C = Spawn XP percentage of total XP
 D = Spawn monster count
 E = Non-spawn monster count
 F = Spawn count percentage of total count
 G = Total turns spent on level
                    A         B        C        D         E        F      G
               +---------+---------+-------+---------+---------+-------+---------
         Total |       0 |    2697 |   0.0 |       0 |     142 |   0.0 | 10513
               +---------+---------+-------+---------+---------+-------+---------
           D:1 |       0 |      30 |   0.0 |       0 |      18 |   0.0 |  1247
           D:2 |       0 |      84 |   0.0 |       0 |      30 |   0.0 |  1571
           D:3 |       0 |     272 |   0.0 |       0 |      18 |   0.0 |   853
           D:4 |       0 |     358 |   0.0 |       0 |      16 |   0.0 |  1528
           D:5 |       0 |     559 |   0.0 |       0 |      25 |   0.0 |  2335
           D:6 |       0 |     616 |   0.0 |       0 |      19 |   0.0 |  1648
           D:7 |       0 |     671 |   0.0 |       0 |      14 |   0.0 |  1056
           D:8 |       0 |     107 |   0.0 |       0 |       2 |   0.0 |   275
               +---------+---------+-------+---------+---------+-------+---------

Vault maps used:
D:1:      evilmike_arrival_hilbert_curve
D:2:      first_ration
D:3:      columned_hall_lemuel, uniq_grinder, uniq_natasha
D:4:      old_standard_altar, grunt_temple_overflow_open, kennysheep_mini,
          kennysheep_potato
D:5:      nicolae_ru_awakened_eye, lemuel_doored_altar,
          minmay_temple_entry_statues_pillars, uniq_sigmund
D:6:      minmay_unpleasant_kobolds
D:7:      minmay_large_rounded_square
D:8:      david_lair_shrubbed
